Map: Pillars of Gold LE

Players

Solar

  • Race: Zerg Zerg
  • Spawn Location: 1:00

Serral - Winner!

  • Race: Zerg Zerg
  • Spawn Location: 7:00

Event: StayAtHomestory Cup #2

VOD

Have the link to the VOD?

Description

Time

  • Played on: June 13, 2020, 1:12 p.m.
  • Length: 5:51

All games in this series

Show
View Real Time Build Order
Export as new Build Order

Solar Zerg 

Build Orders: Hatch First 

Get SALT Encoding   

  12  0:01  Drone  
  13  0:12  Overlord  
  13  0:18  Drone  
  14  0:31  Drone  
  14  0:32  Drone  
  16  0:49  Hatchery  
  15  0:53  Drone  
  15  0:56  Drone  
  17  1:00  Drone  
  18  1:10  Extractor  
  17  1:16  Spawning Pool  
  16  1:19  Drone  
  16  1:22  Drone  
  18  1:30  Drone  
  19  1:39  Drone  
  20  1:50  Overlord  
  20  2:02  Queen x2  
  20  2:04  Drone x2  
  26  2:12  Drone  
  26  2:13  Zergling x2  
  28  2:19  Metabolic Boost  
  28  2:23  Drone x2  
  30  2:39  Hatchery  
  30  2:43  Drone x2  
  31  2:46  Drone  
  32  2:55  Drone  
  32  2:56  Baneling Nest  
  32  2:57  Overlord  
  32  3:01  Zergling x2  
  33  3:06  Drone  
  33  3:09  Zergling x2  
  35  3:14  Drone  
  35  3:17  Drone x2  
  35  3:18  Queen  
  40  3:24  Zergling x2  
  40  3:25  Evolution Chamber, Zergling x2  
  41  3:30  Overlord  
  41  3:33  Drone  
  42  3:36  Drone  
  42  3:37  Drone  
  44  3:51  Drone  
  44  3:53  Drone x6  
  50  3:57  Zerg Missile Weapons Level 1  
  50  4:01  Overlord  
  50  4:03  Drone  
  50  4:05  Drone  
  52  4:10  Roach Warren  
  52  4:12  Drone  
  52  4:13  Drone  
  54  4:17  Drone x3  
  54  4:18  Drone  
  54  4:23  Drone x3  
  60  4:27  Lair  
  60  4:29  Extractor  
  60  4:31  Extractor  
  58  4:32  Overlord  
  58  4:33  Drone  
  58  4:38  Zergling x4  
  61  4:40  Drone x3  
  61  4:41  Drone  
  65  4:48  Overlord  
  65  4:51  Drone x3  
  70  4:59  Roach, Spine Crawler x2  
  72  5:03  Roach x2  
  72  5:04  Baneling x3  
  72  5:05  Baneling  
  72  5:06  Roach x2  
  76  5:08  Extractor  
  76  5:09  Roach  
  76  5:11  Roach  
  79  5:15  Overlord  
  79  5:17  Spine Crawler  
  77  5:23  Roach x2  
  77  5:24  Roach  
  76  5:29  Roach x2  
  76  5:30  Roach  
Show
View Real Time Build Order
Export as new Build Order

Serral Zerg - Winner!

Build Orders: Hatch First 

Get SALT Encoding   

  12  0:00  Drone  
  13  0:12  Overlord  
  13  0:18  Drone  
  14  0:31  Drone x2  
  16  0:50  Hatchery  
  16  0:53  Drone  
  16  0:56  Drone  
  17  1:00  Drone  
  18  1:10  Extractor  
  17  1:16  Spawning Pool  
  16  1:19  Drone  
  16  1:22  Drone  
  18  1:28  Drone  
  19  1:39  Drone  
  20  1:52  Drone  
  21  2:00  Overlord  
  21  2:02  Queen x2  
  21  2:03  Zergling x2  
  26  2:10  Metabolic Boost  
  26  2:13  Drone  
  27  2:16  Drone  
  29  2:22  Drone  
  29  2:23  Drone  
  30  2:38  Hatchery  
  30  2:40  Drone  
  30  2:43  Zergling x2  
  31  2:48  Baneling Nest  
  31  2:50  Drone  
  31  2:55  Overlord  
  31  2:58  Drone  
  32  3:00  Drone  
  32  3:04  Drone  
  34  3:07  Zergling x2  
  35  3:13  Drone x3  
  35  3:15  Drone  
  35  3:18  Zergling x2  
  40  3:21  Overlord  
  40  3:24  Drone  
  41  3:28  Evolution Chamber  
  41  3:30  Drone  
  41  3:38  Extractor, Roach Warren  
  41  3:39  Drone  
  40  3:42  Drone  
  40  3:44  Drone x2  
  40  3:46  Baneling  
  43  3:50  Zergling x2  
  43  3:55  Drone x2  
  46  3:57  Drone, Overlord  
  46  3:59  Drone  
  48  4:03  Overlord  
  48  4:07  Overlord  
  47  4:20  Roach  
  47  4:21  Roach x2  
  47  4:22  Roach x2  
  47  4:23  Roach  
  59  4:27  Roach  
  59  4:28  Roach  
  63  4:37  Roach  
  63  4:38  Roach  
  67  4:40  Roach x2  
  67  4:44  Roach, Overlord  
  73  4:47  Zergling x4  
  73  4:52  Zergling x6  
  78  4:56  Zergling x2  
  78  4:57  Zergling x4  
  78  4:59  Overlord  
  81  5:04  Baneling x6  
  81  5:05  Baneling  
  82  5:07  Zergling x2  
  82  5:08  Zergling x2  
  82  5:11  Zergling x4  
  86  5:14  Zergling x2  
  86  5:15  Zergling x2  
  83  5:29  Zergling x12  
  83  5:30  Zergling x4  
Tags
 
Add a new tag
Caveats
  • Supply blocks, unpowered buildings, or Contaminate may cause inaccurate times.
  • Supply counts are checked every 10 seconds.